 Dungeon Crawl Stone Soup version bcrawl-1.27.6 (webtiles) character file.

Game seed: 3676171808845841879

298554 Freyura the Basher (level 9, 0/57 HPs)
             Began as a Gargoyle Monk on Sept 18, 2020.
             Was a Believer of Qazlal.
             Slain by a porcupine (3 damage)
             ... on level 7 of the Dungeon on Sept 24, 2020.
             The game lasted 00:16:38 (5887 turns).

Freyura the Basher (Gargoyle Monk)                  Turns: 5887, Time: 00:16:38

Health: 0/57       AC: 25    Str: 15    XL:     9   Next: 61%
Magic:  0/12       EV:  8    Int: 16    God:    Qazlal [**....]
Gold:   296        SH:  3    Dex: 15    Spells: 8/8 levels left

rFire    . . .     SeeInvis .   a - +0 mace
rCold    . . .     Gourm    .   (no shield)
rNeg     + . .     Faith    .   i - +3 chain mail
rPois    ∞         Spirit   +   n - +2 helmet
rElec    +         Reflect  .   p - +1 cloak
rCorr    .         Harm     .   (no gloves)
MR       +....                  (no boots)
Stlth    ..........             d - amulet of guardian spirit
HPRegen  0.19/turn              l - +5 ring of intelligence
MPRegen  0.13/turn              s - ring of protection from magic

@: no status effects
A: negative energy resistance 1, electricity resistance, unbreathing,
petrification resistance, rot immunity, AC +6
a: Upheaval, Renounce Religion


You were on level 7 of the Dungeon.
You worshipped Qazlal.
Qazlal was pleased with you.
You were very hungry.

You visited 2 branches of the dungeon, and saw 8 of its levels.

You collected 296 gold pieces.

Inventory:

Hand Weapons
 a - a +0 mace (weapon)
Missiles
 h - a throwing net {=f}
Armour
 i - a +3 chain mail (worn)
 n - a +2 helmet (worn)
 p - a +1 cloak (worn)
Jewellery
 d - an amulet of guardian spirit (around neck)
 l - a +5 ring of intelligence (left hand)
 s - a ring of protection from magic (right hand)
Wands
 t - a wand of flame (23)
Scrolls
 f - 2 scrolls of remove curse
 g - 4 scrolls of identify
 j - 3 scrolls of fog
 k - 3 scrolls of amnesia {unknown}
 r - 2 scrolls of enchant weapon {unknown}
 x - 2 scrolls of teleportation {unknown}
 y - a scroll of brand weapon {unknown}
 A - a scroll of magic mapping {unknown}
Potions
 b - 4 potions of flight
 c - a potion of invisibility {unknown}
 m - a potion of berserk rage
 o - a potion of haste
 q - a potion of mutation {unknown}
 u - 3 potions of curing {unknown}
 v - a potion of magic {unknown}
 w - a potion of might
 B - a potion of heal wounds {unknown}
Comestibles
 e - 17 rations {!d}


   Skills:
 + Level 7.4 Fighting
 * Level 9.2 Maces & Flails
 + Level 6.5 Armour
 - Level 2.4 Dodging
 - Level 2.4 Stealth
 + Level 4.5 Invocations


You had 8 spell levels left.
You didn't know any spells.
Your spell library was empty.

Dungeon Overview and Level Annotations

Branches:
Dungeon (7/12)             Temple (1/1) D:4
   Lair: D:7-9

Altars:
Ashenzari
Cheibriados
Dithmenos
Elyvilon
Fedhas
Gozag
Hepliaklqana
Kikubaaqudgha
Lugonu
Makhleb
Nemelex Xobeh
Okawaru
Qazlal
Ru
Sif Muna
Trog
Uskayaw
Vehumet
Wu Jian
Xom
Yredelemnul
Zin
The Shining One

Shops:
D:4 :


Innate Abilities, Weirdness & Mutations

You are resistant to torment.
Your stone body is resilient. (AC +6)
You are immune to poison.
You resist negative energy. (rN+)
You are resistant to electric shocks. (rElec)
You can survive without breathing.
You are immune to petrification.
You are immune to rotting.


Message History

The ogre hits you with a cursed +0 giant club!
The orc hits you but does no damage.
You hit the ogre.
The ogre is moderately wounded.
The orc hits you but does no damage.
The ogre hits you with a cursed +0 giant club!
* * * LOW HITPOINT WARNING * * *
You completely miss the ogre.
The ogre is moderately wounded.
The orc hits you but does no damage.
You hit the ogre but do no damage.
The ogre is moderately wounded.
The ogre hits you with a cursed +0 giant club!
* * * LOW HITPOINT WARNING * * *
The orc barely misses you.
You barely miss the ogre.
The ogre is moderately wounded.
An orc comes into view. It is wielding a +0 mace.
The porcupine bites you.
You die...

##o##..###... .
##.[..........
.#...5.........
..............
#............
#....o.....#
##...oOr)..##
###....°@°....# .
###.......°.##..#
..##.......)[...#
...........)..^^#
#.......†.)....##
#..........##..#
.......<..##...#
...............#
....##........##


You could see an orc warrior, an ogre, a porcupine, a crimson imp and 2 orcs.

Vanquished Creatures
  Pikel (D:7)
  A hippogriff (D:6)
  Sigmund (D:3)
  A shadow (D:6)
  A slave (D:7)
  A soldier ant (D:7)
  A phantom (D:5)
  2 orc warriors (D:6)
  A sky beast (D:5)
  2 ogres (D:6)
  2 crimson imps (D:4)
  A bullfrog zombie (D:5)
  3 orc priests
  3 iguanas (D:7)
  5 orc wizards
  Natasha (thrice) (D:3)
  6 worker ants
  A howler monkey zombie (D:5)
  4 gnolls (D:2)
  A howler monkey skeleton (D:5)
  8 adders
  A river rat (D:7)
  3 shadow imps
  2 adder skeletons
  An adder zombie (D:5)
  2 worms
  A dart slug (D:1)
  5 leopard geckos
  23 orcs
  A ball python (D:1)
  2 giant cockroaches
  7 goblins
  9 hobgoblins
  6 jackals
  12 kobolds
  6 quokkas
  5 bats
  5 frilled lizards
  A jackal skeleton (D:7)
  10 rats
  A plant (D:1)
152 creatures vanquished.

Vanquished Creatures (others)
  A spriggan (D:7)
  2 slaves (D:7)
  An orc priest (D:7)
  An adder skeleton (D:7)
  An orc (D:7)
6 creatures vanquished.

Grand Total: 158 creatures vanquished

Notes
Turn   | Place    | Note
-------+----------+-------------------------------------------
     0 | D:1      | Freyura the Gargoyle Monk began the quest for the Orb.
     0 | D:1      | Reached XP level 1. HP: 14/14 MP: 2/2
   102 | D:1      | Reached XP level 2. HP: 19/19 MP: 1/3
   498 | D:1      | Reached skill level 1 in Armour
   651 | D:1      | Reached XP level 3. HP: 22/23 MP: 4/4
  1302 | D:2      | Found a shimmering blue altar of Sif Muna.
  1446 | D:2      | Reached skill level 4 in Maces & Flails
  1451 | D:2      | Reached XP level 4. HP: 27/29 MP: 5/5
  2090 | D:3      | Noticed Sigmund
  2093 | D:2      | Reached XP level 5. HP: 32/33 MP: 4/6
  2152 | D:3      | Killed Sigmund
  2152 | D:3      | Reached skill level 5 in Maces & Flails
  2152 | D:3      | Reached XP level 6. HP: 20/39 MP: 5/7
  2257 | D:3      | Found a hide-covered altar of Uskayaw.
  2478 | D:3      | Noticed Natasha
  2485 | D:3      | Killed Natasha
  2498 | D:3      | Found a shadowy altar of Dithmenos.
  2513 | D:3      | Noticed Natasha
  2515 | D:3      | Found a blossoming altar of Fedhas.
  2523 | D:3      | Killed Natasha
  2552 | D:3      | Found a faded altar of an unknown god.
  2644 | D:3      | Found a glowing golden altar of the Shining One.
  2909 | D:3      | Noticed Natasha
  2913 | D:3      | Killed Natasha
  2913 | D:3      | Reached skill level 5 in Fighting
  2913 | D:3      | Reached XP level 7. HP: 44/44 MP: 8/8
  2945 | D:3      | Reached skill level 6 in Maces & Flails
  3365 | D:4      | Found a staircase to the Ecumenical Temple.
  3375 | Temple   | Entered the Ecumenical Temple
  3576 | D:4      | Found Cunoet's Book Shoppe.
  3789 | D:4      | Found a white marble altar of Elyvilon.
  4041 | D:5      | Entered Level 5 of the Dungeon
  4191 | D:5      | Reached XP level 8. HP: 44/51 MP: 6/9
  4324 | D:5      | Reached skill level 7 in Maces & Flails
  4403 | D:5      | Found a glowing silver altar of Zin.
  4778 | D:5      | Found an ancient bone altar of Kikubaaqudgha.
  4883 | D:6      | Reached skill level 5 in Armour
  4979 | D:6      | Found a stormy altar of Qazlal.
  4984 | D:6      | Noticed a water elemental
  4984 | D:6      | Noticed an air elemental
  4990 | D:6      | Became a worshipper of Qazlal Stormbringer
  4990 | D:6      | Reached * piety under Qazlal
  4990 | D:6      | Reached ** piety under Qazlal
  4994 | D:6      | Noticed a hippogriff
  5013 | D:6      | Killed a hippogriff
  5021 | D:6      | Noticed a shadow
  5040 | D:6      | Killed a shadow
  5040 | D:6      | Reached skill level 8 in Maces & Flails
  5345 | D:6      | Reached XP level 9. HP: 19/56 MP: 7/11
  5817 | D:7      | Noticed Pikel
  5825 | D:7      | Killed Pikel
  5825 | D:7      | Reached skill level 9 in Maces & Flails
  5887 | D:7      | Slain by a porcupine

Skill      XL: |  1  2  3  4  5  6  7  8  9 |
---------------+----------------------------+-----
Armour         | 1 2 3 4 5 6 |  6.5
Maces & Flails | 4 5 6 8 9 |  9.2
Fighting       | 4 5 6 7 |  7.4
Invocations    | 3 4 |  4.5
Dodging        | |  2.4
Stealth        | |  2.4

Action                   |  1- 3 |  4- 6 |  7- 9 || total
-------------------------+-------+-------+-------++-------
Melee: Mace              |   153 |   206 |   454 ||   813
  Use: Scroll            |     4 |     2 |     4 ||    10
       Potion            |       |     1 |       ||     1
 Stab: Sleeping          |     5 |       |       ||     5
  Eat: Chunk             |     7 |    11 |    17 ||    35
       Ration            |       |       |     1 ||     1
Armor: Robe              |     1 |       |       ||     1
       Leather armour    |    25 |       |       ||    25
       Ring mail         |    20 |     4 |       ||    24
       Chain mail        |       |   136 |   421 ||   557
Dodge: Dodged            |    69 |    90 |   204 ||   363
Block: Other             |       |       |    30 ||    30
